Map: Cactus Valley LE (Void)

Players

Venici

  • Race: Protoss Protoss
  • League: Gold
  • Spawn Location: 11:00

A.I. 1 (Elite) - Winner!

  • Race: Terran Terran
  • Spawn Location: 1:00

VOD

Have the link to the VOD?

Description

Time

  • Played on: April 10, 2017, 6:09 p.m.
  • Length: 18:43
Show
View Real Time Build Order
Export as new Build Order

Venici Protoss 

Build Orders: Oracle Opening 

Get SALT Encoding   

  12  0:01  Probe (Chrono Boost)  
  13  0:12  Probe (Chrono Boost)  
  14  0:18  Pylon  
  14  0:23  Probe (Chrono Boost)  
  15  0:37  Probe (Chrono Boost)  
  15  0:40  Gateway  
  16  0:55  Probe (Chrono Boost)  
  17  1:00  Assimilator  
  17  1:05  Probe (Chrono Boost)  
  17  1:07  Pylon  
  17  1:08  Assimilator  
  18  1:16  Probe (Chrono Boost)  
  19  1:26  Probe (Chrono Boost)  
  19  1:31  Cybernetics Core  
  20  1:37  Probe (Chrono Boost)  
  21  1:47  Probe (Chrono Boost)  
  22  1:58  Probe (Chrono Boost)  
  25  2:09  Mothership Core (Chrono Boost)  
  25  2:14  Warp Gate  
  25  2:20  Stargate  
  25  2:41  Pylon  
  25  2:42  Pylon  
  25  2:53  Pylon  
  25  3:03  Oracle  
  28  3:23  Nexus  
  28  3:24  Pylon  
  28  3:27  Pylon  
  28  3:29  Gateway  
  31  3:52  Gateway  
  25  4:19  Robotics Facility  
  25  4:23  Twilight Council  
  25  4:36  Oracle  
  28  4:42  Probe (Chrono Boost)  
  28  4:43  Probe (Chrono Boost)  
  30  4:46  Resonating Glaives, Assimilator  
  30  4:51  Assimilator  
  30  4:52  Adept x2  
  30  4:55  Adept  
  36  5:04  Probe (Chrono Boost)  
  36  5:05  Probe (Chrono Boost)  
  36  5:06  Observer  
  39  5:13  Adept x2  
  43  5:17  Adept  
  45  5:27  Probe (Chrono Boost)  
  47  5:28  Probe (Chrono Boost)  
  47  5:32  Observer  
  48  5:38  Probe (Chrono Boost)  
  48  5:41  Adept, Probe (Chrono Boost)  
  52  5:44  Adept  
  52  5:48  Probe (Chrono Boost)  
  55  5:53  Probe (Chrono Boost)  
  57  5:57  Observer  
  57  5:59  Probe (Chrono Boost)  
  59  6:05  Probe (Chrono Boost)  
  59  6:07  Adept x3  
  59  6:09  Probe (Chrono Boost)  
  66  6:16  Blink  
  66  6:17  Probe (Chrono Boost)  
  67  6:20  Probe (Chrono Boost)  
  67  6:23  Immortal  
  72  6:29  Probe (Chrono Boost)  
  73  6:35  Probe (Chrono Boost)  
  75  6:41  Probe (Chrono Boost)  
  75  7:06  Robotics Bay  
  75  7:07  Immortal  
  79  7:09  Adept x3  
  85  7:36  Pylon  
  85  7:38  Pylon  
  85  7:40  Pylon  
  85  7:41  Pylon  
  85  7:42  Pylon  
  85  7:43  Pylon  
  85  7:44  Pylon  
  85  7:53  Warp Prism  
  87  8:15  Adept x2  
  87  8:16  Adept  
  93  8:35  Gateway  
  93  8:37  Gateway  
  93  8:41  Gateway  
  93  8:43  Gateway  
  93  8:45  Gateway  
  93  8:57  Disruptor  
  96  9:08  Stalker x3  
  101  9:36  Stalker x3  
  107  9:38  Stalker  
  107  9:39  Stalker x3  
  107  9:40  Stalker  
  117  10:06  Stalker  
  116  10:08  Stalker  
  118  10:16  Pylon  
  118  10:18  Pylon  
  118  10:19  Pylon  
  118  10:20  Pylon  
  118  10:22  Pylon  
  118  10:24  Pylon  
  118  10:26  Pylon  
  118  10:28  Pylon  
  118  10:29  Disruptor  
  118  10:30  Pylon  
  121  10:52  Stalker x3  
  121  10:53  Stalker x5  
  137  11:08  Forge  
  137  11:10  Disruptor, Forge  
  140  11:24  Pylon  
  140  11:26  Pylon  
  140  11:28  Pylon  
  140  11:50  Disruptor  
  140  11:57  Protoss Ground Armor Level 1, Protoss Ground Weapons Level 1  
  143  12:02  Sentry x2  
  143  12:03  Sentry x2  
  143  12:04  Adept  
  143  12:05  Adept x3  
  159  12:23  Disruptor  
  160  12:42  Nexus  
  160  12:47  Nexus  
  160  12:55  Disruptor  
  163  13:33  Probe (Chrono Boost)  
  165  13:34  Probe (Chrono Boost)  
  165  13:47  Assimilator  
  165  13:51  Assimilator  
  143  14:49  Stalker  
  143  14:50  Stalker x6  
  143  14:51  Stalker  
  133  15:29  Adept  
  133  15:30  Adept x7  
  135  15:52  Stalker x4  
  135  15:54  Stalker x4  
  151  16:15  Nexus  
  151  16:18  Assimilator  
  151  16:20  Adept x6  
  151  16:21  Adept x2  
  151  16:22  Assimilator  
  167  16:26  Pylon, Protoss Ground Weapons Level 2  
  167  16:28  Pylon  
  167  16:30  Pylon  
  126  17:05  Stalker x2  
  126  17:06  Stalker x4  
  62  17:52  Probe x3 (Chrono Boost)  
  62  17:53  Probe (Chrono Boost)  
  62  17:58  Stalker x5  
  70  17:59  Stalker x2  
  70  18:00  Stalker  
  70  18:03  Probe x3 (Chrono Boost)  
  86  18:06  Probe (Chrono Boost)  
  80  18:21  Stalker  
  80  18:22  Stalker x4  
  90  18:29  Probe x2 (Chrono Boost)  
  90  18:30  Probe (Chrono Boost)  
  90  18:31  Probe (Chrono Boost)  
  94  18:37  Stalker x2  
Show
View Real Time Build Order
Export as new Build Order

A.I. 1 (Elite) Terran - Winner!

Build Orders: MMM Bio 

Get SALT Encoding   

  12  0:00  SCV  
  13  0:13  SCV  
  14  0:19  Supply Depot  
  14  0:25  SCV  
  15  0:41  SCV  
  16  0:43  Barracks  
  16  0:53  SCV  
  17  1:05  SCV  
  18  1:17  SCV  
  19  1:18  Supply Depot  
  19  1:22  Refinery  
  19  1:29  Marine, SCV  
  21  1:41  SCV  
  22  1:47  Marine  
  22  1:51  Barracks  
  22  1:53  SCV  
  24  1:55  Refinery  
  24  2:03  Supply Depot  
  24  2:05  Marine, SCV  
  26  2:17  SCV  
  27  2:23  Marine  
  27  2:26  Factory  
  29  2:30  SCV  
  29  2:38  Marine  
  29  2:41  Marine  
  29  2:42  SCV  
  32  2:54  SCV  
  32  2:55  Marine  
  34  2:58  Marine  
  34  3:01  Engineering Bay  
  35  3:06  SCV  
  36  3:13  Marine  
  36  3:18  SCV  
  38  3:26  Barracks  
  38  3:28  Missile Turret  
  38  3:29  Missile Turret  
  38  3:30  SCV  
  38  3:31  Supply Depot  
  39  3:40  Barracks Tech Lab  
  39  3:42  Orbital Command  
  39  3:53  Barracks Tech Lab  
  39  3:55  Factory Tech Lab  
  39  4:08  SCV  
  36  4:12  Command Center  
  36  4:20  SCV  
  37  4:32  SCV  
  38  4:44  SCV  
  39  4:47  Supply Depot  
  39  4:50  Marauder  
  41  4:55  Marauder  
  41  4:56  SCV  
  44  5:08  Marine, SCV  
  44  5:11  Supply Depot, Marauder  
  48  5:16  Marauder  
  48  5:20  SCV  
  51  5:24  SCV  
  52  5:29  Stimpack, Marine, Terran Infantry Weapons Level 1  
  52  5:33  Marauder  
  55  5:36  Orbital Command  
  55  5:37  Marine  
  56  5:48  Command Center  
  56  5:54  Marauder  
  60  5:57  Marauder  
  60  6:04  Combat Shields  
  60  6:15  Starport, Marauder  
  62  6:32  Engineering Bay  
  62  6:33  Barracks Reactor  
  62  6:35  Marine  
  62  6:39  Marine  
  64  6:52  Medivac  
  64  6:53  Marauder  
  68  6:56  Marine  
  68  6:58  Terran Infantry Armor Level 1  
  68  7:01  SCV  
  70  7:02  SCV  
  70  7:06  SCV  
  72  7:13  SCV  
  73  7:19  SCV  
  73  7:21  SCV  
  69  7:23  Starport Tech Lab, Concussive Shells  
  69  7:25  SCV  
  67  7:32  SCV  
  67  7:33  SCV  
  69  7:37  SCV  
  69  7:41  Medivac, Marine, Marauder x2  
  69  7:44  SCV  
  78  7:46  SCV  
  78  7:50  Supply Depot  
  78  7:51  Command Center  
  79  8:00  Orbital Command  
  79  8:03  Marauder  
  74  8:06  SCV  
  74  8:10  SCV  
  74  8:11  Raven  
  76  8:18  SCV  
  77  8:20  Missile Turret  
  77  8:22  SCV  
  77  8:25  SCV  
  79  8:31  SCV  
  80  8:34  Missile Turret  
  80  8:35  SCV  
  80  8:37  SCV  
  82  8:43  SCV  
  82  8:47  SCV  
  79  8:49  SCV  
  79  8:55  SCV  
  79  8:59  SCV  
  79  9:02  SCV x2  
  82  9:07  SCV  
  83  9:11  SCV  
  83  9:14  SCV  
  85  9:19  SCV  
  85  9:22  Armory  
  86  9:27  SCV  
  86  9:29  SCV  
  86  9:31  SCV  
  89  9:33  SCV  
  90  9:39  SCV  
  90  9:45  SCV x3  
  93  9:51  SCV  
  95  9:57  Barracks, SCV  
  95  9:58  SCV  
  95  9:59  Planetary Fortress, Missile Turret  
  97  10:03  SCV  
  97  10:05  Missile Turret  
  98  10:09  Terran Infantry Weapons Level 2, SCV  
  99  10:16  Command Center  
  99  10:20  SCV  
  100  10:21  SCV  
  100  10:23  SCV  
  100  10:25  Medivac  
  104  10:29  Supply Depot  
  104  10:31  Marauder  
  104  10:33  Marauder  
  108  10:47  Marine x3  
  110  10:53  Marauder  
  110  10:55  Medivac, Missile Turret, Marauder  
  116  10:57  Supply Depot  
  116  11:04  Marine  
  116  11:05  Refinery  
  116  11:07  Refinery  
  117  11:12  Factory  
  117  11:14  Marauder  
  117  11:16  Starport, Marauder  
  117  11:18  Refinery  
  121  11:19  Refinery, Command Center  
  121  11:22  Supply Depot  
  121  11:25  Viking  
  123  11:29  SCV  
  123  11:30  SCV  
  123  11:31  SCV  
  123  11:32  SCV  
  127  11:35  Marauder  
  127  11:37  Marauder  
  127  11:39  High Capacity Fuel Tanks  
  131  11:43  SCV x2  
  131  11:44  Supply Depot, SCV  
  131  11:46  SCV  
  135  11:49  Hi-Sec Auto Tracking  
  135  11:50  Marine  
  135  11:51  Marine  
  135  11:52  Marine  
  138  11:54  Viking, Starport Reactor  
  138  11:56  Factory Tech Lab  
  140  12:05  Marine  
  140  12:06  SCV  
  142  12:09  Supply Depot  
  142  12:16  Armory  
  142  12:21  Barracks  
  142  12:24  Raven  
  142  12:26  Fusion Core  
  144  12:30  Marine  
  144  12:32  SCV x3  
  144  12:33  SCV x2  
  144  12:34  Supply Depot  
  150  12:38  Terran Infantry Weapons Level 3  
  150  12:41  Refinery  
  150  12:44  SCV  
  151  12:46  Planetary Fortress  
  151  12:48  Refinery  
  151  12:50  Missile Turret  
  151  12:52  Missile Turret  
  151  12:55  Marine x4  
  151  12:56  Marine  
  151  12:57  Building Armor  
  156  12:58  Supply Depot  
  156  13:05  Command Center  
  156  13:09  Barracks Tech Lab  
  156  13:13  Battlecruiser  
  156  13:15  Ghost Academy  
  156  13:16  SCV  
  162  13:31  Viking, Supply Depot  
  164  13:34  Viking  
  164  13:37  Command Center  
  166  13:47  Ghost  
  168  13:50  Ghost  
  170  13:57  Marauder  
  170  13:58  Supply Depot  
  170  13:59  Marine  
  170  14:01  Viking, Marine  
  176  14:04  Medivac, Marine  
  179  14:16  Marine  
  180  14:17  Liberator, Marine  
  180  14:18  Battlecruiser, Marauder  
  180  14:19  Ghost, Personal Cloaking  
  191  14:30  Viking  
  171  14:34  Thor, Marauder  
  174  14:39  Marauder  
  156  14:48  Marauder  
  156  14:51  Thor  
  160  14:56  Marauder  
  162  15:00  Medivac  
  162  15:01  Marauder  
  164  15:08  SCV  
  164  15:09  SCV, Marauder  
  164  15:11  SCV  
  164  15:12  SCV  
  164  15:13  SCV  
  167  15:17  Thor, Marauder  
  167  15:20  SCV  
  175  15:21  Raven, SCV  
  175  15:22  Marauder  
  180  15:31  Marauder  
  180  15:34  Thor  
  188  15:38  Marauder  
  188  15:42  Terran Infantry Armor Level 2  
  190  15:43  Command Center, Marauder  
  190  15:49  Marine  
  193  15:51  Nuke  
  193  15:52  Marauder  
  193  15:53  Marine  
  193  15:56  Refinery  
  196  15:59  Marine  
  196  16:00  Marauder  
  199  16:07  Marine  
  199  16:10  Missile Turret  
  200  16:22  Missile Turret  
  200  16:33  Refinery  
  200  16:34  Missile Turret  
  200  16:36  Missile Turret  
  200  16:38  Missile Turret  
  200  16:44  Missile Turret  
  200  16:53  Viking, Marine x3, Marauder x3  
  188  16:56  Planetary Fortress  
  161  17:03  Viking  
  153  17:10  Medivac  
  153  17:11  Marine x3  
  153  17:14  Missile Turret, Marine, Marauder x2  
  153  17:15  Command Center  
  149  17:23  Battlecruiser  
  149  17:28  Marine  
  149  17:29  Marine x2  
  156  17:31  Ghost  
  156  17:33  Viking  
  156  17:36  Marauder x2  
  164  17:40  Viking  
  166  17:46  Marine  
  166  17:47  Marine  
  166  17:48  Marine  
  169  17:56  Ghost  
  169  17:57  Marauder  
  173  18:01  Marauder  
  173  18:04  Marine  
  173  18:05  Marine  
  179  18:07  Marine  
  179  18:10  Medivac  
  183  18:15  Missile Turret  
  183  18:16  SCV  
  183  18:18  Marine  
  184  18:22  Marine, Marauder  
  184  18:23  Marine  
  192  18:36  Refinery  
  192  18:37  Missile Turret  
  192  18:40  Missile Turret  
Tags
 
Composition
MMM Bio
League
Gold
Matchup
PvT
Spawn Locations
Close Positions
Add a new tag
Caveats
  • Supply blocks, unpowered buildings, or Contaminate may cause inaccurate times.
  • Supply counts are checked every 10 seconds.